 Dungeon Crawl Stone Soup version 0.30-a0-1123-gabc949cf19 (webtiles) character file.

Game seed: 5759089238113042088

3 Arzdou the Magician (level 1, 0/15 HPs)
             Began as a Djinni Fire Elementalist on Apr 22, 2023.
             Constricted to death by a ball python (1 damage)
             ... on level 1 of the Dungeon.
             The game lasted 00:00:31 (76 turns).

Arzdou the Magician (Djinni Fire Elementalist)        Turns: 76, Time: 00:00:31

Health: 0/15       AC:  2    Str:  7    XL:     1   Next: 55%
Gold:   3          EV:  9    Int: 16    God:
                   SH:  0    Dex: 13

rFire   + + .        (no weapon)
rCold   x . .        (no shield)
rNeg    . . .        a - +0 robe
rPois   ∞            (no helmet)
rElec   .            (no cloak)
rCorr   .            (no gloves)
SInv    .            (boots unavailable)
Will    .....        (no amulet)
Stlth   ++           (no ring)
HPRegen 0.22/turn    (no ring)
MPRegen 0.00/turn

%: infuse magic (-1 HP)
@: flying, constricted
A: sickness immunity, fire resistance 2, cold vulnerability 1, float, innate
caster, HP casting, extra vitality 1
a: no special abilities


You were on level 1 of the Dungeon.
You visited 1 branch of the dungeon, and saw 1 of its levels.

You collected 3 gold pieces.

Inventory:

Armour
 a - a +0 robe (worn)
Scrolls
 b - a scroll of identify {unknown}


   Skills:
 + Level 2.2 Dodging
 + Level 1.6 Stealth
 + Level 2.5 Spellcasting


You knew the following spells:

 Your Spells              Type           Power      Damage    Failure   Level
a - Foxfire               Conj/Fire      40%        2x1d6     7%          1
b - Scorch                Fire           20%        2d5       11%         2
c - Volatile Blastmotes   Fire/Tloc      20%        2d11      21%         3
d - Inner Flame           Hex/Fire       10%        N/A       21%         3
e - Flame Wave            Conj/Fire      10%        2d6       56%         4
Your spell library was empty.

Dungeon Overview and Level Annotations

Branches:
Dungeon (1/15)

Altars:


Innate Abilities, Weirdness & Mutations

You are immune to sickness and miasma.
You are immune to poison.
Your flesh is very heat resistant. (rF++)
You are vulnerable to cold. (rC-)
You float through the air rather than walking.
You learn spells naturally, not from books.
Your magical power is your life essence.
You have superior vitality. (+4 MHP)


Message History

You kill the hobgoblin!
Found a stone staircase leading down.
b - a scroll labelled NIS PI NOKAGED
Found a stone staircase leading down.
You now have 3 gold pieces.
A ball python comes into view.
A ball python is nearby!
A goblin comes into view. It is wielding a +0 dagger.
The goblin shouts!
The ball python hisses angrily.
You miscast Foxfire.
You are very lightly contaminated with residual magic.
Nothing appears to happen.
The ball python bites you. The ball python grabs you.
The ball python constricts you.
You conjure some foxfire!
The ball python bites you. The ball python constricts you.
The goblin hits you with a +0 dagger.
You escape the ball python's grasp.
Your foxfire dissipates!
The goblin attacks as you move away! The goblin hits you with a +0 dagger.
* * * LOW HITPOINT WARNING * * *
The foxfire hits the ball python.
The ball python is moderately wounded.
The ball python bites you but does no damage.
The ball python closely misses you. The goblin misses you.
Your magical contamination has completely faded away.
The ball python attacks as you move away!
The ball python barely misses you. The ball python misses you. x2
The ball python attacks as you move away!
The ball python barely misses you. The ball python bites you.
* * * LOW HITPOINT WARNING * * *
The ball python grabs you. The ball python constricts you.
You escape the ball python's grasp.
There is a stone staircase leading down here.
The ball python closely misses you. The ball python grabs you.
You stop descending the stairs.
The ball python constricts you.
* * * LOW HITPOINT WARNING * * *
Unknown command.
You escape the ball python's grasp.
The ball python closely misses you. The ball python grabs you.
You stop descending the stairs.
The ball python constricts you.
You die...

#.### ....#
#.#.#########
............########
....#######........####
.......#
####........###
...###.# #.g........
#.# # #..S...#.## #..#
#..@......> ##.#####
#......#.## ~♣.♣~~~#
#......# # P...♣)~#
#......# PP.♣♣♣~#
#......# P...♣.~#
#......# ......♣####
#.†....#
..<...~...####......#
......♣##.##........#


You could see a goblin and a ball python.

Vanquished Creatures
  An endoplasm (D:1)
  A hobgoblin (D:1)
  A ball python (D:1)
3 creatures vanquished.

Vanquished Creatures (others)
  7 foxfires (D:1)
7 creatures vanquished.

Grand Total: 10 creatures vanquished

Notes
Turn   | Place    | Note
-------+----------+-------------------------------------------
     0 | D:1      | Arzdou the Djinni Fire Elementalist began the quest for the
                  | Orb.
     0 | D:1      | Arzdou set off with the following spells memorised:
                  | Foxfire, Scorch, Volatile Blastmotes, Inner Flame, Flame
                  | Wave.
     0 | D:1      | Reached XP level 1. HP: 15/15 MP: 0/0
    76 | D:1      | Constricted to death by a ball python

Illustrated notes

Levels and vault maps discovered:
D:1:      ldierk_walled_garden, layout_loops_ring

Action                     || total
---------------------------++-------
   Cast: Foxfire           ||     4
 Armour: Robe              ||     1
  Dodge: Dodged            ||     9

Table legend: (Time is in decaauts)
 A = Elapsed time spent in this place.
 B = Non-inter-level travel time spent in this place.
 C = Inter-level travel time spent in this place.
 D = Time resting spent in this place.
 E = Time spent auto-exploring this place.
 F = Levels seen in this place.
 G = Mean time per level.
                   A        B        C        D        E       F      G
               +--------+--------+--------+--------+--------+-----+--------+
         Total |     76 |     76 |      0 |      0 |     38 |   1 |   76.0 |
       Dungeon |     76 |     76 |      0 |      0 |     38 |   1 |   76.0 |
               +--------+--------+--------+--------+--------+-----+--------+

Top non-repeatable levels by time:
     D:1: 76 daAuts
